 Dungeon Crawl Stone Soup version 0.30-a0-924-g0ad0bf95bc (webtiles) character file.

Game seed: 18035765754495937821

368 MachoJfn the Stinger (level 6, 0/43 HPs)
             Began as a Demonspawn Venom Mage on Mar 21, 2023.
             Was an Initiate of Sif Muna.
             Succumbed to a scorpion's poison
             ... on level 5 of the Dungeon on Mar 22, 2023.
             The game lasted 00:23:00 (5746 turns).

MachoJfn the Stinger (Demonspawn Venom Mage)        Turns: 5746, Time: 00:23:00

Health: 0/43       AC:  3    Str:  8    XL:     6   Next: 41%
Magic:  10/10      EV: 13    Int: 17    God:    Sif Muna [......]
Gold:   231        SH:  0    Dex: 17    Spells: 7/11 levels left

rFire   + . .      SeeInvis +    h - +3 mace
rCold   + . .      Faith    .    (no shield)
rNeg    . . .      Spirit   .    b - +2 animal skin
rPois   +          Reflect  .    o - +0 helmet
rElec   +          Rampage  .    (no cloak)
rCorr   +          Clarity  +    (no gloves)
Will    .....                    p - +1 pair of boots
Stlth   ++                       (no amulet)
HPRegen 0.27/turn                f - +4 ring of protection
MPRegen 0.12/turn                (no ring)

@: lethally poisoned (0 -> -9), resistant, corroded
A: foul stench 3, see invisible, agile 1, clarity, subdued magic 1
a: Renounce Religion


You were on level 5 of the Dungeon.
You worshipped Sif Muna.
Sif Muna was noncommittal.
You visited 1 branch of the dungeon, and saw 5 of its levels.

You collected 231 gold pieces.

Inventory:

Hand Weapons
 h - a +3 mace (weapon)
Missiles
 a - 39 stones
 i - 3 poisoned darts
 r - 3 silver javelins
 s - a throwing net
Armour
 b - a +2 animal skin (worn)
 o - a +0 helmet (worn)
 p - a +1 pair of boots (worn)
Magical Staves
 k - a staff of air
Jewellery
 f - a +4 ring of protection (left hand)
Wands
 q - a wand of light (8)
 t - a wand of iceblast (4)
Scrolls
 c - a scroll of butterflies {unknown}
 j - 2 scrolls of immolation
 l - a scroll of vulnerability {unknown}
 m - a scroll of poison
Potions
 d - 2 potions of haste {unknown}
 g - 2 potions of brilliance


   Skills:
 + Level 1.2 Fighting
 + Level 2.0 Maces & Flails
 + Level 2.5 Dodging
 + Level 3.2 Stealth
 + Level 0.2 Unarmed Combat
 + Level 3.2 Spellcasting
 + Level 1.8 Transmutations
 + Level 1.1 Air Magic
 + Level 4.0 Poison Magic


You had 7 spell levels left.
You knew the following spells:

 Your Spells              Type           Power      Damage    Failure   Level
a - Sting                 Tmut/Pois      36%        1d4       4%          1
b - Poisonous Vapours     Pois/Air       16%        N/A       7%          2
c - Slow                  Hex            8%         N/A       14%         1

Your spell library contained the following spells:

 Spells                   Type           Power      Damage    Failure   Level
 Mephitic Cloud           Conj/Pois/Air  6%         N/A       22%         3
 Olgreb's Toxic Radiance  Pois           12%        N/A       28%         4
 Confusing Touch          Hex            2%         N/A       41%         3
 Vampiric Draining        Necr           2%         2d6       41%         3
 Blade Hands              Tmut           3%         N/A       90%         5
 Irradiate                Conj/Tmut      2%         3d12      96%         5
 Dragon Form              Tmut           3%         N/A       100%        7


Dungeon Overview and Level Annotations

Branches:
Dungeon (5/15)
 Temple: D:4-7

Altars:
Cheibriados
Gozag
Makhleb
Sif Muna
Yredelemnul

Annotations:
D:3 Grinder


Innate Abilities, Weirdness & Mutations

You frequently emit foul miasma when damaged in melee.
You have supernaturally acute eyesight. (SInv)
You are agile. (Dex +4, Str/Int -1)
You possess an exceptional clarity of mind.
Your spells are a little easier to cast, but a little less powerful.


Message History

The jelly is heavily wounded.
The jelly barely misses you. The scorpion barely misses you.
The jelly misses you.
You hit the jelly.
Your hands burn!
The jelly is severely wounded.
The scorpion closely misses you. The jelly closely misses you.
The scorpion stings you.
You feel better. The jelly misses you. The scorpion stings you.
You emit a cloud of foul miasma!
You hit the jelly but do no damage.
Your hands burn!
The jelly is severely wounded.
The scorpion is engulfed in dark miasma.
The scorpion is poisoned.
The scorpion stings you. The jelly barely misses you.
You hit the jelly but do no damage.
Your hands burn!
The jelly is severely wounded.
The scorpion is engulfed in dark miasma.
The scorpion looks even sicker.
The scorpion stings you. The jelly hits you but does no damage.
The scorpion is engulfed in dark miasma.
The scorpion looks even sicker.
The scorpion seems to slow down.
The scorpion stings you!
* * * LOW HITPOINT WARNING * * *
You are lethally poisoned!
The scorpion poisons you! The jelly hits you but does no damage.
You feel protected.
* * * LOW HITPOINT WARNING * * *
You feel very sick.
The ogre shouts!
The scorpion is no longer moving slowly.
You kill the scorpion!
Sif Muna accepts your kill. The jelly closely misses you.
Your Maces & Flails skill increases to level 2!
Your Air Magic skill increases to level 1!
Your Poison Magic skill increases to level 4!
Aiming: Bolt of Light
Press: ? - help, Shift-Dir - straight line, f - jelly
Aim: a jelly (severely wounded, 100% to hit)
Okay, then.
You die...

# ....## .....#
#O##.# #.##.#
#.##.# #.##.#
####.##○##<#
......J.@..#
###.#............
#.#.##..##!#.
.....##..#
#...........
#...#..#..##.
........... .
##.).........


You could see an ogre and a jelly.

Vanquished Creatures
  3 scorpions
  A sleepcap (D:4)
  Ijyb (D:3)
  Robin (D:3)
  4 adders
  A dart slug (D:2)
  5 orcs (D:4)
  4 bats
  8 endoplasms
  2 giant cockroaches
  8 hobgoblins
  3 quokkas (D:2)
  7 ball pythons
  4 frilled lizards
  13 goblins
  7 kobolds
  6 rats
  A spectral orc (D:3)
79 creatures vanquished.

Vanquished Creatures (others)
  14 fungi (D:4)
14 creatures vanquished.

Grand Total: 93 creatures vanquished

Notes
Turn   | Place    | Note
-------+----------+-------------------------------------------
     0 | D:1      | MachoJfn the Demonspawn Venom Mage began the quest for the
                  | Orb.
     0 | D:1      | Reached XP level 1. HP: 13/13 MP: 3/3
     7 | D:1      | Gained mutation: Your spells are a little easier to cast,
                  | but a little less powerful. [potion of mutation]
     7 | D:1      | Gained mutation: You have supernaturally acute eyesight.
                  | (SInv) [potion of mutation]
     7 | D:1      | Gained mutation: You have hidden genetic potential. [potion
                  | of mutation]
    93 | D:1      | Reached skill level 1 in Transmutations
   277 | D:1      | Gained mutation: You may rarely emit foul miasma when
                  | damaged in melee. [demonic ancestry]
   277 | D:1      | Reached XP level 2. HP: 14/19 MP: 1/5
   302 | D:1      | Gained mutation: You possess an exceptional clarity of
                  | mind. [hidden potential]
  1079 | D:2      | Gained mutation: You sometimes emit foul miasma when
                  | damaged in melee. [demonic ancestry]
  1079 | D:2      | Reached XP level 3. HP: 24/24 MP: 3/6
  1139 | D:2      | Gained mutation: You are agile. (Dex +4, Str/Int -1)
                  | [hidden potential]
  1139 | D:2      | Lost mutation: You have hidden genetic potential. [hidden
                  | potential expressed]
  1437 | D:2      | Learned a level 2 spell: Poisonous Vapours
  1524 | D:2      | Reached XP level 4. HP: 29/30 MP: 2/7
  2106 | D:1      | Upgraded the game from 0.30-a0-920-g7493c07aab to
                  | 0.30-a0-924-g0ad0bf95bc
  2217 | D:3      | Found a shimmering blue altar of Sif Muna.
  2262 | D:3      | Became a worshipper of Sif Muna the Loreminder
  2482 | D:3      | Found a basalt altar of Yredelemnul.
  2583 | D:3      | Noticed Robin
  2607 | D:3      | Reached skill level 1 in Maces & Flails
  2621 | D:3      | Killed Robin
  2803 | D:3      | Found a burning altar of Makhleb.
  2838 | D:3      | Noticed a balrug
  3129 | D:3      | Noticed Ijyb
  3140 | D:3      | Killed Ijyb
  3342 | D:3      | Noticed Grinder
  3383 | D:3      | Paralysed by Grinder for 5 turns
  4421 | D:3      | Learned a level 1 spell: Slow
  4436 | D:3      | Paralysed by Grinder for 3 turns
  4706 | D:4      | Gained mutation: You frequently emit foul miasma when
                  | damaged in melee. [demonic ancestry]
  4706 | D:4      | Reached XP level 5. HP: 36/36 MP: 2/9
  5058 | D:4      | Reached skill level 1 in Fighting
  5090 | D:4      | Found an opulent altar of Gozag.
  5214 | D:4      | Reached XP level 6. HP: 43/43 MP: 5/10
  5364 | D:4      | Reached * piety under Sif Muna
  5426 | D:4      | Found a snail-covered altar of Cheibriados.
  5734 | D:5      | Entered Level 5 of the Dungeon
  5745 | D:5      | HP: 2/43 [poisoned by a scorpion]
  5746 | D:5      | Reached skill level 1 in Air Magic
  5746 | D:5      | Reached skill level 4 in Poison Magic
  5746 | D:5      | Succumbed to a scorpion's poison

Illustrated notes

Levels and vault maps discovered:
D:1:      minmay_arrival_four_circles, layout_loops_ring
D:2:      minmay_angry_zag, layout_loops_cross, minmay_misc_feat_room
D:3:      layout_loops_ring, yredelemnul_forgotten_temple_becter,
          old_standard_altar, makhleb_altar_promises_db,
          serial_co_window_serial, co_window_paths_b,
          co_window_of_opportunity_a, co_window_corner_a, co_window_paths_a,
          co_window_cross_1, co_window_corner_a, co_window_broadway_a,
          co_window_paths_c, co_window_2corner, co_window_cross_2,
          co_window_paths_c, co_window_of_opportunity_c, glass_columns_b,
          uniq_ijyb, uniq_grinder, uniq_robin
D:4:      layout_loops_ring, mainiacjoe_overflow_chevrons, lemuel_tele_altar,
          serial_bayou_crossing
D:5:      layout_loops_cross, fedhas_bush_and_centaur_altar

Skill      XL: |  1  2  3  4  5  6 |
---------------+-------------------+-----
Transmutations | 1 |  1.8
Dodging        | 2 |  2.5
Stealth        | 2 3 |  3.2
Maces & Flails | 1 2 |  2.0
Spellcasting   | 3 |  3.2
Fighting       | 1 |  1.2
Air Magic      | 1 |  1.1
Poison Magic   | 4 |  4.0
Unarmed Combat | |  0.2

Action                     |  1- 3 |  4- 6 || total
---------------------------+-------+-------++-------
  Melee: Unarmed           |    41 |       ||    41
         Punch             |     1 |       ||     1
         Mace              |    28 |    82 ||   110
   Cast: Sting             |    64 |       ||    64
         Poisonous Vapours |     2 |    40 ||    42
         Slow              |       |     1 ||     1
    Use: Potion            |     1 |     8 ||     9
         Scroll            |       |    10 ||    10
   Stab: Sleeping          |     1 |     1 ||     2
 Armour: Robe              |    21 |    20 ||    41
         Animal skin       |       |    17 ||    17
  Dodge: Dodged            |    72 |    70 ||   142

Table legend: (Time is in decaauts)
 A = Elapsed time spent in this place.
 B = Non-inter-level travel time spent in this place.
 C = Inter-level travel time spent in this place.
 D = Time resting spent in this place.
 E = Time spent auto-exploring this place.
 F = Levels seen in this place.
 G = Mean time per level.
                   A        B        C        D        E       F      G
               +--------+--------+--------+--------+--------+-----+--------+
         Total |   5797 |   4178 |   1619 |   1088 |   2373 |   5 | 1159.4 |
       Dungeon |   5797 |   4178 |   1619 |   1088 |   2373 |   5 | 1159.4 |
               +--------+--------+--------+--------+--------+-----+--------+

Top non-repeatable levels by time:
     D:3: 2055 daAuts
     D:2: 1539 daAuts
     D:1: 1110 daAuts
     D:4: 1077 daAuts
     D:5: 13 daAuts
